 Dungeon Crawl Stone Soup version 0.25-a0-510-ge065f6de7d (webtiles) character file.

Game seed: 7821870293254605179, levelgen mode: deterministic

1 Forecaster the Sneak (level 1, -1/15 HPs)
             Began as a Naga Enchanter on Feb 15, 2020.
             Slain by a jackal (3 damage)
             ... on level 1 of the Dungeon.
             The game lasted 00:00:55 (141 turns).

Forecaster the Sneak (Naga Enchanter)                Turns: 141, Time: 00:00:56

Health: -1/15      AC:  1    Str: 10    XL:     1   Next: 20%
Magic:  3/3        EV: 10    Int: 15    God:
Gold:   11         SH:  0    Dex: 11    Spells: 3/4 levels left

rFire    . . .     SeeInvis +   a - +1 dagger
rCold    . . .     Gourm    .   (no shield)
rNeg     . . .     Faith    .   b - +0 robe
rPois    +         Spirit   .   (no helmet)
rElec    .         Reflect  .   (no cloak)
rCorr    .         Harm     .   (no gloves)
MR       .....                  (no barding)
Stlth    +++.......             (no amulet)
HPRegen  0.05/turn              (no ring)
MPRegen  0.08/turn              (no ring)

@: very slow
A: large, see invisible, deformed body, poison resistance, slowness 2, slow
metabolism 1, spit poison 1, AC +0
a: Spit Poison


You were on level 1 of the Dungeon.
You were not hungry.

You visited 1 branch of the dungeon, and saw 1 of its levels.

You collected 11 gold pieces.

Inventory:

Hand Weapons
 a - a +1 dagger (weapon)
Missiles
 c - 22 stones (quivered)
Armour
 b - a +0 robe (worn)
Scrolls
 e - 3 scrolls of remove curse {unknown}
Potions
 f - a potion of haste {unknown}
Comestibles
 d - a ration


   Skills:
 + Level 1.0 Short Blades
 + Level 1.5 Dodging
 + Level 4.4 Stealth
 + Level 2.0 Spellcasting
 + Level 3.0 Hexes


You had 3 spell levels left.
You knew the following spells:

 Your Spells              Type           Power        Failure   Level  Hunger
a - Corona                Hex            ##.....      6%          1    #......

Your spell library contained the following spells:

 Spells                   Type           Power        Failure   Level  Hunger
 Ensorcelled Hibernation  Hex/Ice        #.....       19%         2    ###....
 Confusing Touch          Hex            ##......     19%         3    ###....
 Tukima's Dance           Hex            ##......     19%         3    ###....
 Dazzling Flash           Conj/Hex       #.....       34%         3    ###....


Dungeon Overview and Level Annotations

Branches:
Dungeon (1/15)

Altars:


Innate Abilities, Weirdness & Mutations

You cannot wear boots.
Your serpentine skin is tough. (AC +0)
You have supernaturally acute eyesight. (SInv)
Armour fits poorly on your strangely shaped body.
Your system is resistant to poisons. (rPois)
You cover ground very slowly.
You have a slow metabolism.
You can spit poison.


Message History

You puncture the kobold!
You kill the kobold!
You see here a +0 club.
A jackal and a hobgoblin come into view.
The jackal barks!
The hobgoblin shouts!
You hear a bark! x2
A jackal comes into view.
The hobgoblin hits you.
A jackal comes into view.
The hobgoblin closely misses you. The jackal bites you.
You hit the hobgoblin.
The hobgoblin is lightly wounded.
The jackal bites you but does no damage.
The jackal barely misses you. The hobgoblin closely misses you.
You hit the hobgoblin.
The hobgoblin is lightly wounded.
The jackal closely misses you. The jackal bites you. The hobgoblin hits you.
You hit the jackal but do no damage. The jackal bites you. x2
* * * LOW HITPOINT WARNING * * *
The hobgoblin closely misses you. The jackal bites you.
You die...

######## #......
####.#...####
........... #..hh.#
##### #..@gh# #...#
#..#### #...#
#..############...##
#.........).........
##.############...##
#.# #...# #.# #####
..# ..#


You could see 3 jackals and a hobgoblin.

Vanquished Creatures
  A kobold (D:1)
1 creature vanquished.

Notes
Turn   | Place    | Note
-------+----------+-------------------------------------------
     0 | D:1      | Forecaster the Naga Enchanter began the quest for the Orb.
     0 | D:1      | Reached XP level 1. HP: 15/15 MP: 3/3
   141 | D:1      | Slain by a jackal

Levels and vault maps discovered:
D:1:      lemuel_arrival_hallway, layout_basic

Action                   || total
-------------------------++-------
Melee: Dagger            ||     4
 Stab: Sleeping          ||     1
Armor: Robe              ||     1
Dodge: Dodged            ||     5

Table legend:
 A = Non-vault XP
 B = Vault XP
 C = Vault XP percentage of total XP
 D = Non-vault monster count
 E = Vault monster count
 F = Vault count percentage of total count
                 A         B        C        D         E       F
            +---------+---------+-------+---------+---------+-------
      Total |       2 |       0 |   0.0 |       1 |       0 |   0.0
            +---------+---------+-------+---------+---------+-------
        D:1 |       2 |       0 |   0.0 |       1 |       0 |   0.0
            +---------+---------+-------+---------+---------+-------
